 Dungeon Crawl Stone Soup version 0.25.1-2-g60ff931df9 (webtiles) character file.

Game seed: 3192067220699116742

1492 Curus the Carver (level 8, -2/64 HPs)
             Began as a Minotaur Fighter on Aug 18, 2020.
             Was a Follower of Makhleb.
             Slain by a two-headed ogre
             ... wielding a +0 giant club
              (26 damage)
             ... on level 9 of the Dungeon on Aug 19, 2020.
             The game lasted 00:27:41 (5550 turns).

Curus the Carver (Minotaur Fighter)                 Turns: 5550, Time: 00:27:42

Health: -2/64      AC: 13    Str: 21 (22) XL:     8   Next: 51%
Magic:  7/7        EV:  3    Int:  7      God:    Makhleb [*.....]
Gold:   339        SH: 11    Dex:  9      Spells: 7/7 levels left

rFire    . . .     SeeInvis .   a - +1 long sword
rCold    . . .     Gourm    .   c - +2 kite shield
rNeg     . . .     Faith    .   l - +0 plate armour
rPois    .         Spirit   .   (helmet restricted)
rElec    .         Reflect  .   d - +1 cloak {MR+}
rCorr    .         Harm     .   (no gloves)
MR       +....                  (no boots)
Stlth    ..........             (no amulet)
HPRegen  0.20/turn              (no ring)
MPRegen  0.10/turn              (no ring)

@: no status effects
A: retaliatory headbutt, horns 2
a: Renounce Religion


You were on level 9 of the Dungeon.
You worshipped Makhleb.
Makhleb was aware of your devotion.
You were not hungry.

You visited 1 branch of the dungeon, and saw 7 of its levels.

You collected 339 gold pieces.

Inventory:

Hand Weapons
 a - a +1 long sword (weapon)
Armour
 b - a +0 scale mail
 c - a +2 kite shield (worn)
 d - a +1 cloak of magic resistance (worn)
 l - a +0 plate armour (worn)
Jewellery
 j - an uncursed amulet of inaccuracy
Wands
 g - a wand of iceblast (7)
 k - a wand of random effects (14)
Scrolls
 e - a scroll of remove curse
 h - 4 scrolls of identify
 i - a scroll of teleportation
 n - 2 scrolls of amnesia
 o - a scroll of enchant armour
Potions
 m - a potion of might
Comestibles
 f - 13 rations
 p - 9 chunks of flesh


   Skills:
 - Level 3.6 Fighting
 + Level 12.5 Long Blades
 - Level 3.6 Armour
 - Level 3.6 Shields


You had 7 spell levels left.
You didn't know any spells.
Your spell library was empty.

Dungeon Overview and Level Annotations

Branches:
Dungeon (6/15)             Temple (0/1) D:6

Altars:
Ashenzari
Elyvilon
Gozag
Hepliaklqana
Makhleb
Nemelex Xobeh
Wu Jian
Yredelemnul


Innate Abilities, Weirdness & Mutations

You reflexively headbutt those who attack you in melee.
You have a pair of horns on your head.


Message History

The two-headed ogre is severely wounded.
You block the two-headed ogre's attack.
The two-headed ogre hits you with a +0 giant spiked club!!
You slash the two-headed ogre!
Your headbutt misses the two-headed ogre.
The two-headed ogre is severely wounded.
You hit the two-headed ogre but do no damage.
The two-headed ogre is severely wounded.
You block the two-headed ogre's attack. x2
You closely miss the two-headed ogre.
The two-headed ogre is severely wounded.
You block the two-headed ogre's attack.
The two-headed ogre hits you with a +0 giant spiked club!
You slash the two-headed ogre!
The two-headed ogre is almost dead.
You hit the two-headed ogre but do no damage.
The two-headed ogre is almost dead.
The two-headed ogre hits you with a +0 giant club.
The two-headed ogre hits you with a +0 giant spiked club!!
You die...

### ..# #
#.# #. #.#
##. #.# #
..l#@#
...##.#O#
.......5##
##.......#
#.....#....#
#.....
......#
#.....
##.##..
#).... ... #
#..... #..


You could see a two-headed ogre and a shadow imp.

Vanquished Creatures
  A wyvern (D:4)
  Duvessa (D:5)
  An orc warrior (D:6)
  A phantom (D:4)
  2 centaurs (D:6)
  2 bullfrogs (D:6)
  Dowan (D:4)
  A scorpion (D:6)
  A howler monkey (D:4)
  An orc priest (D:6)
  Crazy Yiuf (D:2)
  A hound (D:5)
  A quasit (D:5)
  A jelly (D:5)
  2 orc wizards (D:6)
  A bullfrog skeleton (D:5)
  A centaur skeleton (D:5)
  An iguana (D:6)
  Ijyb (D:5)
  4 worker ants
  A hound skeleton (D:4)
  4 gnolls (D:6)
  9 adders
  An ooze (D:4)
  An adder skeleton (D:4)
  A worm (D:3)
  2 dart slugs
  3 leopard geckos
  7 orcs
  A ball python (D:2)
  6 giant cockroaches
  7 goblins
  2 hobgoblins (D:1)
  15 jackals
  2 quokkas
  6 bats
  6 frilled lizards
  6 kobolds
  A leopard gecko skeleton (D:4)
  A quokka skeleton (D:4)
  3 rats
111 creatures vanquished.

Notes
Turn   | Place    | Note
-------+----------+-------------------------------------------
     0 | D:1      | Curus the Minotaur Fighter began the quest for the Orb.
     0 | D:1      | Reached XP level 1. HP: 19/19 MP: 0/0
   124 | D:1      | Reached skill level 3 in Long Blades
   258 | D:1      | Reached XP level 2. HP: 26/26 MP: 1/1
   805 | D:2      | Reached skill level 4 in Long Blades
   973 | D:2      | Found a basalt altar of Yredelemnul.
   973 | D:2      | Found a shattered altar of Ashenzari.
  1107 | D:2      | Reached XP level 3. HP: 31/31 MP: 2/2
  1339 | D:2      | Found a hazy altar of Hepliaklqana.
  1458 | D:2      | Reached skill level 5 in Long Blades
  1523 | D:2      | Found a runed translucent door.
  1524 | D:2      | Noticed Crazy Yiuf
  1535 | D:2      | Killed Crazy Yiuf
  1535 | D:2      | Reached XP level 4. HP: 10/39 MP: 3/3
  1564 | D:2      | HP: 1/39 [poisoned by Crazy Yiuf]
  1966 | D:3      | Reached skill level 6 in Long Blades
  2100 | D:3      | Found an opulent altar of Gozag.
  2393 | D:4      | Reached XP level 5. HP: 41/45 MP: 4/4
  2400 | D:4      | Noticed a phantom
  2432 | D:4      | Killed a phantom
  2432 | D:4      | Reached skill level 7 in Long Blades
  2567 | D:4      | Reached XP level 6. HP: 51/51 MP: 5/5
  2643 | D:4      | Found a white marble altar of Elyvilon.
  2698 | D:4      | Noticed a wyvern
  2711 | D:4      | Killed a wyvern
  2711 | D:4      | Reached skill level 8 in Long Blades
  3002 | D:4      | Reached skill level 9 in Long Blades
  3298 | D:4      | Found a sparkling altar of Nemelex Xobeh.
  3440 | D:5      | Entered Level 5 of the Dungeon
  3443 | D:5      | Noticed Dowan
  3443 | D:5      | Noticed Duvessa
  3468 | D:5      | Reached XP level 7. HP: 51/57 MP: 6/6
  3479 | D:5      | Killed Duvessa
  3485 | D:4      | Killed Dowan
  3751 | D:5      | Noticed Ijyb
  3765 | D:5      | Reached skill level 10 in Long Blades
  3767 | D:5      | Killed Ijyb
  3770 | D:5      | Found a burning altar of Makhleb.
  3826 | D:5      | Became a worshipper of Makhleb the Destroyer
  4522 | D:6      | Reached skill level 11 in Long Blades
  4528 | D:6      | Reached XP level 8. HP: 24/64 MP: 7/7
  4894 | D:6      | Reached skill level 12 in Long Blades
  5108 | D:6      | Found a staircase to the Ecumenical Temple.
  5285 | D:6      | Reached * piety under Makhleb
  5512 | D:6      | Found an ornate altar of the Wu Jian Council.
  5539 | D:6      | You fall into a shaft and drop 3 floors!
  5539 | D:9      | Noticed a two-headed ogre
  5550 | D:9      | Slain by a two-headed ogre

Illustrated notes

Levels and vault maps discovered:
D:1:      dpeg_arrival_refuge, layout_basic, serial_forest,
          infiniplex_forest_lined_room_, infiniplex_forest_clump_C,
          infiniplex_forest_clump_medium, infiniplex_forest_straight_4,
          infiniplex_forest_end_1, infiniplex_forest_clump_small
D:2:      layout_loops_ring, lemuel_crystal_altar,
          gammafunk_temple_overflow_statue, uniq_crazy_yiuf_cottage
D:3:      layout_rooms, nicolae_gozag_seed_capital, first_ration
D:4:      layout_loops_ring, nemelex_xobeh_ov_fountains_minmay, elyvilon_altar_3
D:5:      layout_basic, makhleb_heckhound_becter, uniq_duvessa, uniq_ijyb
D:6:      layout_loops_ring, lemuel_coloured_pillars_altar,
          minmay_temple_entry_drinking_statues, st_stairs_10
D:9:      layout_rooms, old_standard_altar, kennysheep_little_box, uniq_psyche

Skill      XL: |  1  2  3  4  5  6  7  8 |
---------------+-------------------------+-----
Long Blades    | 3 4 5 6 7 9 11 12 | 12.5
Fighting       | |  3.6
Armour         | |  3.6
Shields        | |  3.6

Action                   |  1- 3 |  4- 6 |  7- 9 || total
-------------------------+-------+-------+-------++-------
Melee: Long sword        |    77 |   134 |   149 ||   360
       Headbutt          |     6 |    21 |    28 ||    55
  Use: Scroll            |     2 |     5 |     4 ||    11
       Potion            |     1 |     5 |     4 ||    10
  Eat: Chunk             |     2 |     5 |     8 ||    15
Armor: Scale mail        |    23 |    81 |    27 ||   131
       Plate armour      |       |       |    28 ||    28
Dodge: Dodged            |    21 |    46 |    22 ||    89
Block: Kite shield       |    33 |    68 |    79 ||   180
       Rpst.: Long sword |     2 |    13 |     8 ||    23
